 Dungeon Crawl Stone Soup version 0.28-a0-390-gb254ac4902 (webtiles) character file.

Game seed: 16289704801285640488

10 swashedbuckles the Slasher (level 2, 0/22 HPs)
             Began as a Demonspawn Gladiator on Sept 3, 2021.
             Constricted to death by a ball python (1 damage)
             ... on level 1 of the Dungeon.
             The game lasted 00:00:33 (351 turns).

swashedbuckles the Slasher (Demonspawn Gladiator)    Turns: 351, Time: 00:00:34

Health: 0/22       AC:  4    Str: 14    XL:     2   Next: 10%
Magic:  2/2        EV:  9    Int:  9    God:
Gold:   0          SH:  0    Dex: 14    Spells: 1/1 levels left

rFire   . . .      SeeInvis .   a - +0 long sword
rCold   . . .      Faith    .   (no shield)
rNeg    . . .      Spirit   .   b - +0 leather armour
rPois   .          Reflect  .   c - +0 helmet
rElec   .          Harm     .   (no cloak)
rCorr   .          Rampage  .   (no gloves)
Will    .....                   (no boots)
Stlth   +.........              (no amulet)
HPRegen 0.07/turn               (no ring)
MPRegen 0.08/turn               (no ring)

@: constricted
A: powered by pain 1
a: no special abilities


You were on level 1 of the Dungeon.
You visited 1 branch of the dungeon, and saw 1 of its levels.

Inventory:

Hand Weapons
 a - a +0 long sword (weapon)
Missiles
 d - 3 throwing nets (quivered)
Armour
 b - a +0 leather armour (worn)
 c - a +0 helmet (worn)
Potions
 e - a potion of berserk rage {unknown}


   Skills:
 + Level 2.0 Fighting
 + Level 3.0 Long Blades
 + Level 1.8 Throwing
 + Level 2.8 Dodging


You had one spell level left.
You didn't know any spells.
Your spell library was empty.

Dungeon Overview and Level Annotations

Branches:
Dungeon (1/15)

Altars:


Innate Abilities, Weirdness & Mutations

You sometimes gain a little power by taking damage.


Message History

Your demonic ancestry asserts itself...
You feel energised by your suffering.
You escape the ball python's grasp.
The hobgoblin hits you but does no damage.
The ball python bites you but does no damage.
The ball python barely misses you. The quokka bites you.
You barely miss the quokka. The hobgoblin closely misses you.
The ball python bites you but does no damage.
The ball python closely misses you. The quokka bites you.
* * * LOW HITPOINT WARNING * * *
The kobold barely misses you. The hobgoblin barely misses you.
The ball python bites you but does no damage.
The ball python closely misses you.
You slash the quokka!
You kill the quokka!
The kobold barely misses you. The ball python closely misses you.
The ball python barely misses you. The hobgoblin barely misses you.
The ball python closely misses you. x2; The ball python barely misses you.
The ball python misses you.
The ball python bites you but does no damage.
The ball python grabs you. The ball python constricts you.
You hit the ball python.
The ball python is moderately wounded.
The hobgoblin hits you.
* * * LOW HITPOINT WARNING * * *
The ball python bites you but does no damage. x2
The ball python constricts you.
Unknown command.
The ball python's grasp on you weakens, but your attempt to escape fails.
The ball python closely misses you. The ball python bites you.
* * * LOW HITPOINT WARNING * * *
The ball python constricts you.
* * * LOW HITPOINT WARNING * * *
The hobgoblin barely misses you.
You hit the ball python.
The ball python is severely wounded.
The ball python closely misses you.
The ball python bites you but does no damage.
The ball python constricts you.
You die...

..### #........#......#
#.#
..###......#......#.#..#
#.#
.......###.#........>..#
..#
..####.....#.##.#.#...##
### ..# .#)$...#...#...#
..# .#.###.##..#.....
..# .#.....##..#..####
..# ........g..#... ..#
.......KS@.#.... ###
........S..#....
.....(.....# ....
............. #..≈
#...#...##..... ...#
#.###...# ...... ...≈ #
#...# .#.... ≈≈.. #....
.#.... ≈≈≈#


You could see a hobgoblin, 2 ball pythons and a kobold.

Vanquished Creatures
  An endoplasm (D:1)
  A giant cockroach (D:1)
  A hobgoblin (D:1)
  3 jackals (D:1)
  A quokka (D:1)
  A bat (D:1)
8 creatures vanquished.

Notes
Turn   | Place    | Note
-------+----------+-------------------------------------------
     0 | D:1      | swashedbuckles the Demonspawn Gladiator began the quest for
                  | the Orb.
     0 | D:1      | Reached XP level 1. HP: 16/16 MP: 1/1
   345 | D:1      | Reached skill level 3 in Long Blades
   345 | D:1      | Gained mutation: You sometimes gain a little power by
                  | taking damage. [demonic ancestry]
   345 | D:1      | Reached XP level 2. HP: 11/22 MP: 2/2
   350 | D:1      | HP: 1/22 [constriction (1)]
   351 | D:1      | Constricted to death by a ball python

Illustrated notes

Levels and vault maps discovered:
D:1:      denvon_arrival_hothouse, layout_basic,
          hellmonk_ecumenical_altar_crossroads, minmay_tromino_i4

Skill      XL: |  1 |
---------------+----+-----
Long Blades    | 3 |  3.0
Fighting       | |  2.0
Throwing       | |  1.8
Dodging        | |  2.8

Action                   || total
-------------------------++-------
Melee: Long sword        ||    27
Armor: Leather armour    ||    17
Dodge: Dodged            ||    55

Table legend: (Time is in decaauts)
 A = Elapsed time spent in this place.
 B = Non-inter-level travel time spent in this place.
 C = Inter-level travel time spent in this place.
 D = Time resting spent in this place.
 E = Time spent auto-exploring this place.
 F = Levels seen in this place.
 G = Mean time per level.
                   A        B        C        D        E       F      G
               +--------+--------+--------+--------+--------+-----+--------+
         Total |    357 |    357 |      0 |    206 |     18 |   1 |  357.0 |
       Dungeon |    357 |    357 |      0 |    206 |     18 |   1 |  357.0 |
               +--------+--------+--------+--------+--------+-----+--------+

Top non-repeatable levels by time:
     D:1: 357 daAuts
